[ AOE2 MATCH · #494516277 ]
UnrankedMapuche vs Teutons
Player's team · WIN
Rival team · LOSS
[ REPLAY ANALYSIS · EXTRACTED FROM THE RECORDED GAME ]
Feudal
9:05
Castle
29:50
Imperial
50:03
| APM avg | 78.8 |
| APM peak | 173 |
| eAPM avg | 43.0 |
| Villagers / military | 225 / 108 |
Focus
⚔️ 62.3% · 🌾 37.7%
Archer ×44 · Bolas Rider ×32 · Kona ×21 · Unknown (2550) ×5 · Monk ×4 · Battering Ram ×3
Feudal
9:05
Castle
30:54
Imperial
—
| APM avg | 36.0 |
| APM peak | 91 |
| eAPM avg | 22.2 |
| Villagers / military | 84 / 36 |
Focus
⚔️ 41.0% · 🌾 59.0%
Knight ×20 · Spearman ×14 · Mangonel ×2
Match map
Initial resources + every placement click. Lines = walls · curves = elevation contours. ◆ gold · ⬟ stone · ● berries · ✦ relic · ◌ wall gap
Your base· Open — unwalled flank
Kamil's base· Open — unwalled flank
Smoothed initial terrain · ◌ = detected wall gap · hover for details
Inputs per minute
— ccbaby - - Kamil
Build order — ccbaby
First 150 of 533 actions detected
| 0:01 | Queue | Villager (Male) |
| 0:01 | Queue | Villager (Male) |
| 0:02 | Build | House |
| 0:03 | Build | House |
| 1:05 | Queue | Villager (Male) |
| 1:09 | Queue | Villager (Male) |
| 1:28 | Queue | Villager (Male) |
| 1:53 | Queue | Villager (Male) |
| 2:13 | Build | Settlement |
| 2:18 | Queue | Villager (Male) |
| 2:41 | Queue | Villager (Male) |
| 3:25 | Queue | Villager (Male) |
| 3:56 | Queue | Villager (Male) |
| 4:25 | Queue | Villager (Male) |
| 4:41 | Queue | Villager (Male) |
| 4:54 | Queue | Villager (Male) |
| 5:09 | Queue | Villager (Male) |
| 5:58 | Queue | Villager (Male) |
| 5:59 | Research | Loom |
| 6:21 | Build | Barracks |
| 6:44 | Research | Feudal Age |
| 6:53 | Build | House |
| 7:22 | Queue | Unit 2550 |
| 7:55 | Queue | Unit 2550 |
| 8:10 | Build | Settlement |
| 8:19 | Queue | Unit 2550 |
| 8:55 | Queue | Villager (Male) |
| 9:05 | Age | Feudal Age |
| 9:08 | Research | Double-Bit Axe |
| 9:09 | Research | Double-Bit Axe |
| 9:19 | Queue | Villager (Male) |
| 9:33 | Research | Tech 1402 |
| 9:33 | Research | Tech 1402 |
| 9:39 | Queue | Villager (Male) |
| 9:51 | Build | Settlement |
| 10:11 | Build | Watch Tower |
| 10:19 | Queue | Villager (Male) |
| 10:50 | Build | Palisade Wall |
| 10:52 | Build | Palisade Wall |
| 10:55 | Queue | Unit 2550 |
| 10:55 | Queue | Unit 2550 |
| 11:03 | Queue | Villager (Male) |
| 11:20 | Build | Stone Wall |
| 11:24 | Build | Stone Wall |
| 11:31 | Build | Stone Wall |
| 11:37 | Queue | Villager (Male) |
| 11:37 | Queue | Villager (Male) |
| 11:41 | Build | Stone Wall |
| 11:47 | Queue | Villager (Male) |
| 11:47 | Queue | Villager (Male) |
| 11:51 | Build | House |
| 11:56 | Queue | Villager (Male) |
| 12:08 | Queue | Villager (Male) |
| 12:10 | Build | Archery Range |
| 12:36 | Build | Settlement |
| 12:37 | Queue | Villager (Male) |
| 12:38 | Queue | Villager (Male) |
| 12:40 | Queue | Villager (Male) |
| 12:55 | Build | House |
| 13:14 | Queue | Villager (Male) |
| 13:19 | Queue | Villager (Male) |
| 13:21 | Build | Blacksmith |
| 13:25 | Build | House |
| 13:33 | Queue | Villager (Male) |
| 13:48 | Build | Farm |
| 13:49 | Queue | Villager (Male) |
| 13:53 | Queue | Archer |
| 13:57 | Build | Farm |
| 13:59 | Build | House |
| 14:08 | Queue | Villager (Male) |
| 14:15 | Build | Settlement |
| 14:19 | Queue | Archer |
| 14:30 | Build | House |
| 14:32 | Queue | Archer |
| 14:40 | Queue | Villager (Male) |
| 14:41 | Queue | Villager (Male) |
| 14:46 | Build | Farm |
| 14:47 | Queue | Villager (Male) |
| 14:57 | Queue | Villager (Male) |
| 15:04 | Queue | Archer |
| 15:10 | Queue | Villager (Male) |
| 15:11 | Build | Farm |
| 15:16 | Research | Fletching |
| 15:16 | Research | Fletching |
| 15:27 | Queue | Archer |
| 15:32 | Build | Farm |
| 15:38 | Build | Farm |
| 15:47 | Queue | Archer |
| 15:57 | Queue | Villager (Male) |
| 16:05 | Queue | Archer |
| 16:06 | Build | Watch Tower |
| 16:49 | Queue | Archer |
| 16:58 | Queue | Archer |
| 17:11 | Queue | Villager (Male) |
| 17:16 | Build | Farm |
| 17:16 | Build | Farm |
| 17:17 | Queue | Archer |
| 17:21 | Queue | Archer |
| 17:30 | Queue | Archer |
| 17:42 | Build | Farm |
| 17:59 | Queue | Archer |
| 18:00 | Queue | Archer |
| 18:00 | Queue | Archer |
| 18:08 | Queue | Villager (Male) |
| 18:33 | Queue | Villager (Male) |
| 18:36 | Build | Farm |
| 18:37 | Build | Farm |
| 18:39 | Queue | Archer |
| 18:42 | Build | Farm |
| 18:42 | Queue | Villager (Male) |
| 18:43 | Queue | Villager (Male) |
| 18:46 | Queue | Archer |
| 18:54 | Build | Farm |
| 18:56 | Build | Farm |
| 19:13 | Queue | Archer |
| 19:16 | Build | Farm |
| 19:17 | Queue | Villager (Male) |
| 19:19 | Queue | Archer |
| 19:27 | Build | Farm |
| 19:27 | Queue | Villager (Male) |
| 19:34 | Build | Watch Tower |
| 19:39 | Queue | Archer |
| 19:45 | Queue | Archer |
| 19:54 | Queue | Villager (Male) |
| 20:05 | Queue | Villager (Male) |
| 20:08 | Queue | Villager (Male) |
| 20:17 | Research | Town Watch |
| 20:18 | Research | Town Watch |
| 20:18 | Queue | Villager (Male) |
| 20:40 | Queue | Archer |
| 20:41 | Queue | Archer |
| 20:53 | Build | Farm |
| 20:53 | Build | Farm |
| 20:56 | Queue | Villager (Male) |
| 20:58 | Queue | Archer |
| 20:59 | Queue | Villager (Male) |
| 21:02 | Queue | Archer |
| 21:03 | Queue | Villager (Male) |
| 21:06 | Queue | Archer |
| 21:14 | Build | House |
| 21:14 | Queue | Villager (Male) |
| 21:23 | Queue | Villager (Male) |
| 21:32 | Queue | Archer |
| 22:05 | Build | Watch Tower |
| 22:11 | Queue | Archer |
| 22:14 | Queue | Archer |
| 22:35 | Queue | Villager (Male) |
| 22:41 | Build | Settlement |
| 22:42 | Queue | Archer |
| 22:43 | Queue | Villager (Male) |
Build order — Kamil
First 150 of 225 actions detected
| 0:01 | Queue | Villager (Male) |
| 0:02 | Queue | Villager (Male) |
| 0:03 | Build | House |
| 0:04 | Build | House |
| 0:26 | Queue | Villager (Male) |
| 0:30 | Queue | Villager (Male) |
| 0:30 | Queue | Villager (Male) |
| 1:35 | Queue | Villager (Male) |
| 1:51 | Queue | Villager (Male) |
| 2:38 | Queue | Villager (Male) |
| 2:38 | Queue | Villager (Male) |
| 3:35 | Queue | Villager (Male) |
| 3:35 | Queue | Villager (Male) |
| 3:42 | Build | House |
| 4:02 | Queue | Villager (Male) |
| 4:11 | Queue | Villager (Male) |
| 4:18 | Queue | Villager (Male) |
| 4:29 | Queue | Villager (Male) |
| 4:29 | Queue | Villager (Male) |
| 4:40 | Queue | Villager (Male) |
| 4:54 | Queue | Villager (Male) |
| 4:54 | Queue | Villager (Male) |
| 5:22 | Queue | Villager (Male) |
| 5:54 | Build | Lumber Camp |
| 6:05 | Queue | Villager (Male) |
| 6:06 | Research | Loom |
| 6:20 | Build | Mining Camp |
| 6:55 | Research | Feudal Age |
| 8:34 | Build | House |
| 9:05 | Age | Feudal Age |
| 9:08 | Build | Blacksmith |
| 9:13 | Queue | Villager (Male) |
| 9:13 | Queue | Villager (Male) |
| 9:27 | Research | Fletching |
| 9:31 | Build | Watch Tower |
| 9:50 | Queue | Villager (Male) |
| 10:03 | Build | Watch Tower |
| 10:07 | Queue | Villager (Male) |
| 10:26 | Build | Palisade Wall |
| 10:29 | Build | Palisade Wall |
| 10:32 | Build | Palisade Wall |
| 10:40 | Queue | Villager (Male) |
| 10:40 | Queue | Villager (Male) |
| 11:15 | Build | Palisade Wall |
| 11:26 | Build | Palisade Wall |
| 11:31 | Build | Watch Tower |
| 11:41 | Build | House |
| 13:12 | Queue | Villager (Male) |
| 13:18 | Build | Watch Tower |
| 13:59 | Build | Watch Tower |
| 14:20 | Queue | Villager (Male) |
| 14:27 | Build | Watch Tower |
| 14:58 | Queue | Villager (Male) |
| 15:14 | Build | Blacksmith |
| 16:07 | Build | Watch Tower |
| 16:17 | Queue | Villager (Male) |
| 16:21 | Queue | Villager (Male) |
| 16:47 | Queue | Villager (Male) |
| 16:47 | Queue | Villager (Male) |
| 17:11 | Queue | Villager (Male) |
| 17:37 | Build | House |
| 18:18 | Build | Watch Tower |
| 18:19 | Queue | Villager (Male) |
| 18:19 | Queue | Villager (Male) |
| 18:45 | Build | Watch Tower |
| 18:58 | Build | House |
| 19:18 | Build | Watch Tower |
| 19:19 | Queue | Villager (Male) |
| 19:24 | Queue | Villager (Male) |
| 19:39 | Build | Mill |
| 19:54 | Build | Watch Tower |
| 20:48 | Queue | Villager (Male) |
| 21:06 | Build | Farm |
| 21:33 | Build | Watch Tower |
| 21:34 | Queue | Villager (Male) |
| 21:42 | Build | Farm |
| 22:14 | Build | Farm |
| 22:15 | Queue | Villager (Male) |
| 22:27 | Queue | Villager (Male) |
| 22:33 | Build | Market |
| 22:59 | Queue | Villager (Male) |
| 23:01 | Build | Farm |
| 23:06 | Queue | Villager (Male) |
| 23:16 | Build | House |
| 23:25 | Queue | Villager (Male) |
| 23:29 | Build | Farm |
| 23:41 | Build | Farm |
| 23:48 | Build | Watch Tower |
| 23:53 | Queue | Villager (Male) |
| 24:07 | Queue | Villager (Male) |
| 24:09 | Build | Farm |
| 24:36 | Queue | Villager (Male) |
| 24:36 | Queue | Villager (Male) |
| 24:56 | Queue | Villager (Male) |
| 25:18 | Build | Watch Tower |
| 25:26 | Queue | Villager (Male) |
| 25:46 | Queue | Villager (Male) |
| 25:49 | Build | Farm |
| 26:01 | Build | Watch Tower |
| 26:02 | Queue | Villager (Male) |
| 26:05 | Build | Farm |
| 26:12 | Build | Watch Tower |
| 26:29 | Build | House |
| 26:31 | Build | Watch Tower |
| 26:38 | Queue | Villager (Male) |
| 26:40 | Build | Farm |
| 27:03 | Build | Watch Tower |
| 27:29 | Build | Farm |
| 27:30 | Build | Farm |
| 28:07 | Build | Farm |
| 28:14 | Research | Castle Age |
| 28:19 | Build | Farm |
| 28:37 | Build | Watch Tower |
| 29:12 | Build | House |
| 29:13 | Build | House |
| 29:28 | Build | Mining Camp |
| 30:15 | Queue | Villager (Male) |
| 30:16 | Queue | Villager (Male) |
| 30:39 | Build | Barracks |
| 30:49 | Queue | Villager (Male) |
| 30:49 | Queue | Villager (Male) |
| 30:54 | Age | Castle Age |
| 31:19 | Queue | Villager (Male) |
| 31:19 | Queue | Villager (Male) |
| 31:20 | Queue | Villager (Male) |
| 31:27 | Build | Barracks |
| 31:33 | Build | Watch Tower |
| 31:44 | Research | Double-Bit Axe |
| 32:24 | Build | Farm |
| 32:31 | Queue | Villager (Male) |
| 32:32 | Queue | Villager (Male) |
| 33:01 | Build | Lumber Camp |
| 33:44 | Build | Farm |
| 34:03 | Build | Farm |
| 34:21 | Queue | Spearman |
| 34:29 | Build | Siege Workshop |
| 34:32 | Queue | Villager (Male) |
| 34:33 | Queue | Villager (Male) |
| 34:51 | Queue | Mangonel |
| 35:01 | Build | Watch Tower |
| 35:24 | Build | Farm |
| 36:39 | Build | Stable |
| 37:05 | Queue | Villager (Male) |
| 37:05 | Queue | Villager (Male) |
| 37:11 | Research | Bloodlines |
| 37:29 | Build | Castle |
| 37:31 | Queue | Knight |
| 37:36 | Build | Farm |
| 37:56 | Queue | Villager (Male) |
| 37:56 | Queue | Villager (Male) |
Match timeline
| 6:21 | ccbaby · first_building Barracks |
| 9:05 | ccbaby · age_up feudal |
| 9:05 | Kamil · age_up feudal |
| 10:26 | Kamil · wall_segment Palisade Wall x1 |
| 10:29 | Kamil · wall_segment Palisade Wall x1 |
| 10:32 | Kamil · wall_segment Palisade Wall x1 |
| 10:50 | ccbaby · wall_segment Palisade Wall x1 |
| 10:52 | ccbaby · wall_segment Palisade Wall x1 |
| 11:15 | Kamil · wall_segment Palisade Wall x1 |
| 11:20 | ccbaby · wall_segment Stone Wall x1 |
| 11:24 | ccbaby · wall_segment Stone Wall x1 |
| 11:26 | Kamil · wall_segment Palisade Wall x1 |
| 11:31 | ccbaby · wall_segment Stone Wall x1 |
| 11:41 | ccbaby · wall_segment Stone Wall x1 |
| 12:10 | ccbaby · first_building Archery Range |
| 25:44 | ccbaby · first_market_sell 100 stone |
| 25:49 | ccbaby · first_market_buy 100 wood |
| 28:01 | Kamil · first_market_buy 100 food |
| 28:03 | Kamil · first_market_sell 100 wood |
| 29:50 | ccbaby · age_up castle |
| 29:55 | ccbaby · first_building Castle |
| 30:39 | Kamil · first_building Barracks |
| 30:54 | Kamil · age_up castle |
| 31:21 | ccbaby · first_building Siege Workshop |
| 34:29 | Kamil · first_building Siege Workshop |
| 36:39 | Kamil · first_building Stable |
| 36:43 | ccbaby · first_building Monastery |
| 37:29 | Kamil · first_building Castle |
| 50:03 | ccbaby · age_up imperial |
| 51:43 | Kamil · resign |
[ AI ANALYSIS · 1 CREDIT ]
What really happened in this match?
Wolo.gg analyzes every decision: build order, eco, micro, common mistakes by bracket. Personalized analysis on WhatsApp or Discord in 30 seconds.
Civ guide
Mapuche
Perfil
Jugador #21027376